 Dungeon Sprint DCSS version 0.22.1-1-ga44c0e56f4 (webtiles) character file.

135 MuseOD the Covert (level 4, -2/25 HPs)
             Began as a Spriggan Enchanter on Sept 21, 2018.
             Slain by a neqoxec (12 damage)
             ... in the Dungeon (Sprint II: "The Violet Keep of Menkaure").
             The game lasted 00:00:23 (27 turns).

MuseOD the Covert (Spriggan Enchanter)                Turns: 27, Time: 00:00:24

Health: -2/25      AC:  2    Str:  4    XL:     4   Next: 96%
Magic:  9/9        EV: 18    Int: 17    God:
Gold:   0          SH:  0    Dex: 14    Spells: 7/8 levels left

rFire    . . .     SeeInvis +   a - +1 dagger
rCold    . . .     Gourm    .   (shield restricted)
rNeg     . . .     Faith    .   b - +0 robe
rPois    .         Spirit   .   (helmet restricted)
rElec    .         Reflect  .   (no cloak)
rCorr    .         Harm     .   (gloves unavailable)
MR       .....     NoTele   +   (boots unavailable)
Stlth    ++++......             (no amulet)
HPRegen  0.08/turn              (no ring)
MPRegen  0.11/turn              (no ring)

@: berserk cooldown, slowed, quick
A: very small, unfitting armour, see invisible, clumsy 1, herbivore, speed 3,
slow metabolism 2, subdued magic 1
a: no special abilities


You were in the Dungeon.
You were not hungry.

You visited 1 branch

Inventory:

Hand Weapons
 a - a +1 dagger (weapon)
Armour
 b - a +0 robe (worn)
Scrolls
 j - a scroll of blinking
Potions
 e - a potion of curing
 f - a potion of heal wounds
 g - a potion of haste
 h - 2 potions of magic
Comestibles
 d - a ration


   Skills:
 + Level 3.9 Fighting
 * Level 7.6 Short Blades
 - Level 3.0 Dodging
 + Level 8.9 Stealth
 - Level 2.6 Spellcasting
 - Level 3.6 Hexes


You had 7 spell levels left.
You knew the following spells:

 Your Spells              Type           Power        Failure   Level  Hunger
a - Corona                Hex            ##.....      3%          1    #......

Your spell library contained the following spells:

 Spells                   Type           Power        Failure   Level  Hunger
 Confuse                  Hex            ##......     10%         3    ###....
 Tukima's Dance           Hex            ##......     10%         3    ###....
 Ensorcelled Hibernation  Hex/Ice        #.....       11%         2    ##.....
 Dazzling Spray           Conj/Hex       #.....       22%         3    ###....


Dungeon Overview and Level Annotations

Branches:
Dungeon (1/1)

Altars:


Innate Abilities, Weirdness & Mutations

You are very small and have problems with some larger weapons.
You are too small for most types of armour.
You have supernaturally acute eyesight. (SInv)
You are a herbivore.
You cover ground extremely quickly.
You need to consume almost no food.
You are clumsy. (Dex -2)
Your spells are a little easier to cast, but a little less powerful.


Message History

You are too injured to fight recklessly!
You are too injured to fight recklessly!
You are too injured to fight recklessly!
You are too injured to fight recklessly!
You are too injured to fight recklessly!
You closely miss the neqoxec.
The neqoxec is moderately wounded.
You barely miss the neqoxec.
The neqoxec is moderately wounded.
You are no longer berserk.
You are exhausted.
You feel yourself slow down. The neqoxec gestures at you.
Strange energies course through your body.
Your connection to magic feels subdued.
Unknown command.
You barely miss the neqoxec.
The neqoxec is moderately wounded.
The neqoxec hits you!
You die...

# #+# 5#
##.##3#
+.<@33#
##.##55#
#+# .# #


You could see 3 neqoxecs, an iron imp and 2 white imps.

Vanquished Creatures
  A neqoxec (D)
1 creature vanquished.

Vanquished Creatures (others)
  A crocodile (D)
1 creature vanquished.

Grand Total: 2 creatures vanquished

Notes
Turn   | Place    | Note
-------+----------+-------------------------------------------
     0 | D        | MuseOD the Spriggan Enchanter began the quest for the Orb.
     0 | D        | Reached XP level 1. HP: 9/9 MP: 5/5
     1 | D        | Noticed a neqoxec
     1 | D        | Noticed a neqoxec
     1 | D        | Noticed a neqoxec
     1 | D        | Noticed a neqoxec
     4 | D        | Noticed an iron imp
     9 | D        | Killed a neqoxec
     9 | D        | Reached skill level 8 in Stealth
     9 | D        | Reached XP level 2. HP: 17/17 MP: 6/6
     9 | D        | Reached XP level 3. HP: 21/21 MP: 8/8
     9 | D        | Reached XP level 4. HP: 25/25 MP: 9/9
    17 | D        | Killed a crocodile
    19 | D        | Gained mutation: You are clumsy. (Dex -2) [a neqoxec]
    26 | D        | Gained mutation: Your spells are a little easier to cast,
                  | but a little less powerful. [a neqoxec]
    27 | D        | Slain by a neqoxec

Skill      XL: |  1 |
---------------+----+-----
Fighting       | 3 |  3.9
Short Blades   | 7 |  7.6
Stealth        | 8 |  8.9
Dodging        | |  3.0
Spellcasting   | |  2.6
Hexes          | |  3.6

Action                   |  1- 3 |  4- 6 || total
-------------------------+-------+-------++-------
Melee: Dagger            |     7 |    18 ||    25
  Use: Potion            |     1 |       ||     1
Dodge: Dodged            |     3 |     1 ||     4
